 Dungeon Crawl Stone Soup version 0.16.2-12-gd0ad4c3 (webtiles) character file.

112 hannobal the Sneak (level 4, -6/39 HPs)
             Began as a Naga Assassin on Oct 4, 2015.
             Was an Initiate of Dithmenos.
             Mangled by an ice beast (8 damage)
             ... on level 3 of the Dungeon.
             The game lasted 00:07:13 (2771 turns).

hannobal the Sneak (Naga Assassin)                  Turns: 2771, Time: 00:07:13

Health: -6/39      AC:  7    Str: 14    XL:     4   Next: 93%
Magic:  4/4        EV:  8    Int: 11    God:    Dithmenos [......]
Gold:   121        SH:  0    Dex: 13    Spells: 0 memorised, 3 levels left

rFire  . . .     SeeInvis +     a - +2 dagger (venom)
rCold  . . .     Clarity  .     h - +0 ring mail
rNeg   . . .     SustAb   .     (no shield)
rPois  +         Gourm    .     (no helmet)
rElec  .         Spirit   .     d - +1 cloak
rCorr  .         Warding  .     c - +1 pair of gloves
rMut   .         Stasis   .     (no barding)
MR     .....                    (no amulet)
Stlth  +++.......               (no ring)
                                (no ring)

@: very slow, not resistant to hostile enchantments, fairly stealthy
A: spit poison, see invisible, deformed body, poison resistance, slowness 2, AC
+1
a: Spit Poison, Renounce Religion


You were on level 3 of the Dungeon.
You worshipped Dithmenos.
Dithmenos was noncommittal.
You were not hungry.

You visited 1 branch of the dungeon, and saw 3 of its levels.

You collected 121 gold pieces.

Inventory:

Hand weapons
 a - a +2 dagger of venom (weapon)
 b - a +0 blowgun
 x - a +0 spear
 y - a +0 quarterstaff
 C - a +0 mace
Missiles
 e - 5 poisoned needles
 f - 2 curare-tipped needles
 j - 14 sling bullets
 l - 99 stones (quivered)
 w - 11 arrows
Armour
 c - a +1 pair of gloves (worn)
 d - a +1 cloak (worn)
 h - a +0 ring mail (worn)
 o - a +0 scale mail
 s - a +0 leather armour
Scrolls
 k - 3 scrolls of remove curse
 n - 3 scrolls of identify
 t - 2 scrolls of magic mapping
Potions
 i - 2 potions of curing
 m - a potion of lignification
 q - 2 potions of restore abilities
 B - a potion of heal wounds
Books
 A - a book of Battle

   Spells                             Type                      Level
   a - Infusion                       Charms                       1
   b - Shroud of Golubria             Charms/Translocation         2
   c - Song of Slaying                Charms                       2
   d - Spectral Weapon                Hexes/Charms                 3
   e - Regeneration                   Charms/Necromancy            3
Comestibles
 g - 2 bread rations {@e1}
 p - 2 poisonous chunks of flesh {@w0}
 r - a slice of pizza
 u - a beef jerky
 v - 3 fruits
 z - 5 chunks of flesh {@w0}


   Skills:
 - Level 2.0 Fighting
 + Level 2.8 Short Blades
 - Level 2.0 Throwing
 - Level 1.6 Dodging
 - Level 7.8 Stealth


You had 3 spell levels left.
You didn't know any spells.

Dungeon Overview and Level Annotations

Branches:
Dungeon (3/15)

Altars:
Dithmenos
Nemelex Xobeh
Qazlal


Innate Abilities, Weirdness & Mutations

You cannot wear boots.
You can spit poison.
Your serpentine skin is tough (AC +1).
You have supernaturally acute eyesight.
Armour fits poorly on your strangely shaped body.
Your system is resistant to poisons.
You cover ground very slowly.


Message History

You are too injured to fight recklessly!
You are too injured to fight recklessly!
You are too injured to fight recklessly!
You are too injured to fight recklessly!
You are too injured to fight recklessly!
You hit the ice beast but do no damage.
The ice beast is heavily wounded.
The ice beast hits you. The ice beast freezes you!
* * * LOW HITPOINT WARNING * * *
You barely miss the ice beast.
The ice beast is moderately wounded.
You hit the ice beast.
The ice beast is heavily wounded.
The ice beast hits you but does no damage.
You hit the ice beast.
The ice beast is heavily wounded.
The ice beast hits you.
* * * LOW HITPOINT WARNING * * *
The ice beast freezes you!
You die...

#...>.....
###########.####....
#............# #....
#.......###..# #....
#.......###..#######
#...................
#####.####...[...###.[#######
............Y....# #..## #
##########..@....# #...#
####.#### ##..# #.# #..# #<#
#..# #.# #####..#
#.###...#..# #.....#.#..#
#####...#..# ##.##...


You could see an ice beast.

Vanquished Creatures
  2 adders
  3 worms (D:2)
  3 giant geckos
  2 oozes
  5 orcs (D:3)
  2 ball pythons
  8 giant cockroaches
  4 hobgoblins
  6 kobolds
  3 quokkas
  11 bats
  2 giant newts
  4 goblins
  5 jackals
  4 rats
64 creatures vanquished.

Notes
Turn   | Place    | Note
--------------------------------------------------------------
     0 | D:1      | hannobal, the Naga Assassin, began the quest for the Orb.
     0 | D:1      | Reached XP level 1. HP: 19/19 MP: 1/1
    73 | D:1      | Reached skill level 6 in Stealth
   207 | D:1      | Reached XP level 2. HP: 24/26 MP: 2/2
  1073 | D:2      | Reached skill level 7 in Stealth
  1073 | D:2      | Reached XP level 3. HP: 32/32 MP: 3/3
  1734 | D:2      | Reached skill level 1 in Dodging
  1758 | D:2      | Found a shadowy altar of Dithmenos.
  1765 | D:2      | Became a worshipper of Dithmenos the Shadowed
  1848 | D:2      | Reached XP level 4. HP: 36/39 MP: 4/4
  2257 | D:3      | Found a stormy altar of Qazlal.
  2535 | D:3      | Found a sparkling altar of Nemelex Xobeh.
  2745 | D:3      | Noticed an ice beast
  2771 | D:3      | Mangled by an ice beast

Action                   |  1- 3 |  4- 6 || total
-------------------------+-------+-------++-------
Melee: Dagger            |    71 |   115 ||   186
 Fire: Blowgun           |    19 |       ||    19
  Use: Scroll            |     6 |       ||     6
       Potion            |     5 |     2 ||     7
 Stab: Sleeping          |     8 |     6 ||    14
       Distracted        |     1 |       ||     1
  Eat: Chunk             |     3 |     3 ||     6
